 Dungeon Crawl Stone Soup version 0.23.0-28-g6fe0f4d (webtiles) character file.

Game seed: 14919366279411396753

103 Mgcat the Ducker (level 4, -2/41 HPs)
             Began as a Troll Fire Elementalist on Feb 25, 2019.
             Was an Initiate of Makhleb.
             Slain by a hobgoblin (5 damage)
             ... on level 2 of the Dungeon.
             The game lasted 00:03:30 (1433 turns).

Mgcat the Ducker (Troll Fire Elementalist)          Turns: 1433, Time: 00:03:31

Health: -2/41      AC:  6    Str: 22    XL:     4   Next: 51%
Magic:  4/4        EV:  5    Int: 11    God:    Makhleb [......]
Gold:   177        SH: 11    Dex: 10    Spells: 4/5 levels left

rFire    . . .     SeeInvis .     - Unarmed
rCold    . . .     Gourm    +   u - +0 large shield
rNeg     . . .     Faith    .   a - +0 robe
rPois    .         Spirit   .   (helmet restricted)
rElec    .         Reflect  .   (no cloak)
rCorr    .         Harm     .   (gloves unavailable)
MR       .....                  (boots unavailable)
Stlth    +.........             (no amulet)
HPRegen  0.53/turn              (no ring)
MPRegen  0.09/turn              (no ring)

@: mighty
A: large, unfitting armour, claws 3, fast metabolism 3, gourmand, regeneration
1, shaggy fur 1, tough skin 3
a: Renounce Religion


You were on level 2 of the Dungeon.
You worshipped Makhleb.
Makhleb was noncommittal.
You were completely stuffed.

You visited 1 branch of the dungeon, and saw 3 of its levels.

You collected 177 gold pieces.

Inventory:

Hand Weapons
 b - a +0 short sword
   (You found it on level 1 of the Dungeon)
 d - a +0 club
   (You took it off a goblin on level 1 of the Dungeon)
 e - a +0 hand axe
   (You found it on level 1 of the Dungeon)
 f - a +0 club
   (You found it on level 1 of the Dungeon)
 k - a +0 club
   (You took it off a hobgoblin on level 1 of the Dungeon)
 q - a +0 short sword
   (You took it off a kobold on level 2 of the Dungeon)
 t - a +0 spear
   (You found it on level 2 of the Dungeon)
 v - a +0 dagger
   (You found it on level 2 of the Dungeon)
 w - a +0 rapier
   (You found it on level 2 of the Dungeon)
 x - a +0 dagger
   (You found it on level 2 of the Dungeon)
 y - a +0 hand axe
   (You took it off a goblin on level 2 of the Dungeon)
 z - a +0 flail
   (You took it off a gnoll on level 2 of the Dungeon)
Armour
 a - a +0 robe (worn)
 u - a +0 large shield (worn)
   (You found it on level 2 of the Dungeon)
Scrolls
 g - 2 scrolls of fog {unknown}
 j - a scroll of immolation {unknown}
 m - 2 scrolls of identify {unknown}
 o - 2 scrolls of teleportation {unknown}
 p - a scroll of remove curse {unknown}
Potions
 h - 2 potions of invisibility {unknown}
 i - a potion of might
 n - 3 potions of curing {unknown}
 r - a potion of cancellation {unknown}
 s - a potion of haste {unknown}
Comestibles
 c - 4 rations
 l - a chunk of flesh {@w0}


   Skills:
 + Level 1.6 Fighting
 + Level 2.4 Dodging
 - Level 1.0 Stealth
 + Level 2.0 Unarmed Combat
 - Level 1.2 Spellcasting
 - Level 0.6 Conjurations
 - Level 2.1 Fire Magic
 + Level 1.1 Invocations


You had 4 spell levels left.
You knew the following spells:

 Your Spells              Type           Power        Failure   Level  Hunger
a - Flame Tongue          Conj/Fire      #....        99%         1    ##.....

Your spell library contained the following spells:

 Spells                   Type           Power        Failure   Level  Hunger
 Throw Flame              Conj/Fire      #.....       100%        2    ###....
 Conjure Flame            Conj/Fire      #.......     100%        3    ####...
 Inner Flame              Hex/Fire       #.......     100%        3    ####...
 Sticky Flame             Conj/Fire      #.......     100%        4    #####..
 Fireball                 Conj/Fire      #.........   100%        5    ######.


Dungeon Overview and Level Annotations

Branches:
Dungeon (3/15)

Altars:
Fedhas
Makhleb


Innate Abilities, Weirdness & Mutations

You are too large for most types of armour.
You have claws for hands.
Your metabolism is lightning-fast.
You like to eat raw meat.
Your natural rate of healing is unusually fast.
You are covered in fur. (AC +1)
You have extremely tough skin. (AC +3)


Message History

There is a stone staircase leading down here.
You climb downwards.
A gnoll comes into view. It is wielding a -1 club.
The ball python bites you but does no damage.
You block the hobgoblin's attack. The gnoll hits you but does no damage.
The bat closely misses you. You block the gnoll's attack.
The ball python bites you but does no damage.
The hobgoblin hits you but does no damage.
The gnoll hits you with a +0 whip.
There is a stone staircase leading up, spattered with blood here.
You take 1 damage, and have 40/41 hp.
Warning x3: The gnoll can hit for moderate damage in melee, and throws nets! x2
The gnoll (wandering) can hit for moderate damage in melee, and throws nets!
HP restored.
The bat hits you but does no damage. The gnoll hits you but does no damage.
The ball python bites you but does no damage.
The bat hits you but does no damage. The hobgoblin hits you.
The gnoll barely misses you.
You climb upwards.
There is a stone staircase leading down here.
You take 2 damage, and have 38/41 hp.
Warning x2: The gnoll can hit for moderate damage in melee, and throws nets! x2
You scratch the gnoll.
The gnoll is heavily wounded.
The ball python bites you but does no damage.
The gnoll hits you with a +0 whip. x2
The hobgoblin hits you but does no damage.
You take 2 damage, and have 36/41 hp.
Warning x2: The gnoll can hit for moderate damage in melee, and throws nets! x2
You barely miss the gnoll.
The gnoll is heavily wounded.
The ball python bites you. The gnoll hits you with a +0 whip.
You block the gnoll's attack. You block the hobgoblin's attack.
The ball python bites you but does no damage.
The gnoll completely misses you.
You take 3 damage, and have 33/41 hp.
Warning x2: The gnoll can hit for moderate damage in melee, and throws nets! x2
You barely miss the gnoll.
The gnoll is heavily wounded.
The ball python barely misses you. You block the hobgoblin's attack.
You block the gnoll's attack. The gnoll barely misses you.
You scratch the gnoll.
The gnoll is heavily wounded.
The ball python bites you but does no damage.
The hobgoblin hits you but does no damage.
The gnoll hits you with a +0 whip. The gnoll barely misses you.
The ball python bites you.
You take 1 damage, and have 32/41 hp.
Warning x2: The gnoll can hit for moderate damage in melee, and throws nets! x2
You scratch the gnoll.
The gnoll is heavily wounded.
The gnoll hits you with a +0 whip!
The hobgoblin hits you but does no damage.
The ball python barely misses you. You block the gnoll's attack.
You take 8 damage, and have 24/41 hp.
Warning x2: The gnoll can hit for moderate damage in melee, and throws nets! x2
You are too injured to fight recklessly!
You are too injured to fight recklessly!
You are too injured to fight recklessly!
You scratch the gnoll.
The gnoll is severely wounded.
The gnoll hits you but does no damage. You block the hobgoblin's attack.
The ball python barely misses you. The gnoll hits you with a +0 whip!
You block the gnoll's attack.
The hobgoblin hits you but does no damage.
You take 7 damage, and have 17/41 hp.
Warning x2: The gnoll can hit for moderate damage in melee, and throws nets! x2
You scratch the gnoll but do no damage.
The gnoll is severely wounded.
You block the ball python's attack. You block the gnoll's attack.
You block the ball python's attack.
The hobgoblin hits you but does no damage.
The gnoll hits you with a +0 whip.
You take 2 damage, and have 15/41 hp.
Warning x2: The gnoll can hit for moderate damage in melee, and throws nets! x2
You scratch the gnoll.
The gnoll is almost dead.
The gnoll hits you with a +0 whip.
The ball python bites you but does no damage.
The gnoll hits you with a +0 whip.
* * * LOW HITPOINT WARNING * * *
The hobgoblin hits you but does no damage.
You take 6 damage, and have 9/41 hp.
Warning x2: The gnoll can hit for moderate damage in melee, and throws nets! x2
Unknown command.
You feel very mighty all of a sudden. The ball python barely misses you.
The gnoll hits you with a +0 whip.
* * * LOW HITPOINT WARNING * * *
The gnoll barely misses you. The hobgoblin hits you.
* * * LOW HITPOINT WARNING * * *
You take 6 damage, and have 3/41 hp.
Warning x2: The gnoll can hit for moderate damage in melee, and throws nets! x2
Unknown command.
Unknown command.
Unknown command.
You claw the gnoll!
You kill the gnoll!
Makhleb accepts your kill. You block the ball python's attack.
The gnoll hits you but does no damage. The hobgoblin hits you.
You die...

##...P♣♣ #....PP♣ #....P♣.♣
#.#..P.♣.♣ #.###♣♣♣ ♣ #.# #.#
############ #### #.#
#......gS..# #####... #.#
#.....)@g..# #....... #.#
#....################### #.#
#....#.................. #.#
#....#..#...#...#...#... #.#
##...#_................. #[#
#######...#..#...#...#...#...
#.#
#....#....#..................
#.#
#....#....###################
#.#
#............................


You could see a gnoll, a hobgoblin and a ball python.

Vanquished Creatures
  A crimson imp (D:2)
  2 gnolls (D:2)
  An adder (D:2)
  A worm (D:2)
  A dart slug (D:1)
  A leopard gecko (D:2)
  7 bats
  2 giant cockroaches (D:2)
  4 goblins
  5 hobgoblins
  2 jackals (D:2)
  3 frilled lizards
  2 kobolds
  3 rats
35 creatures vanquished.

Notes
Turn   | Place    | Note
-------+----------+-------------------------------------------
     0 | D:1      | Mgcat the Troll Fire Elementalist began the quest for the
                  | Orb.
     0 | D:1      | Reached XP level 1. HP: 16/16 MP: 1/1
   166 | D:1      | Reached XP level 2. HP: 24/26 MP: 2/2
   219 | D:1      | Reached skill level 1 in Unarmed Combat
   381 | D:1      | Reached skill level 2 in Dodging
   681 | D:2      | Reached skill level 1 in Fighting
   684 | D:2      | Reached XP level 3. HP: 33/33 MP: 1/3
   740 | D:2      | Found a burning altar of Makhleb.
   748 | D:2      | Became a worshipper of Makhleb the Destroyer
   893 | D:2      | Reached XP level 4. HP: 36/41 MP: 4/4
   922 | D:2      | Found a blossoming altar of Fedhas.
  1217 | D:2      | Reached skill level 1 in Invocations
  1411 | D:2      | Reached skill level 2 in Unarmed Combat
  1431 | D:2      | HP: 9/41 [gnoll/+0 whip (4)]
  1432 | D:2      | HP: 4/41 [gnoll/+0 whip (6)]
  1433 | D:2      | Slain by a hobgoblin

Skill      XL: |  1  2  3  4 |
---------------+-------------+-----
Unarmed Combat | 1 2 |  2.0
Dodging        | 2 |  2.4
Fighting       | 1 |  1.6
Invocations    | 1 |  1.1
Stealth        | |  1.0
Spellcasting   | |  1.2
Conjurations   | |  0.6
Fire Magic     | |  2.1

Action                   |  1- 3 |  4- 6 || total
-------------------------+-------+-------++-------
Melee: Unarmed           |    67 |    54 ||   121
       Punch             |     1 |       ||     1
 Cast: Flame Tongue      |     1 |       ||     1
  Use: Potion            |       |     1 ||     1
 Stab: Sleeping          |     1 |       ||     1
  Eat: Chunk             |    14 |     5 ||    19
Armor: Robe              |    26 |    46 ||    72
Dodge: Dodged            |    34 |    20 ||    54
Block: Large shield      |       |    43 ||    43

Levels and vault maps discovered:
D:1:      minmay_arrival_doors, layout_basic, serial_rivers,
          chequers_serial_rivers_room_b, chequers_serial_rivers_micro_a,
          chequers_serial_rivers_small_3, chequers_serial_rivers_marsh
D:2:      layout_rooms, lemuel_coloured_pillars_altar, fedhas_altar_3,
          uniq_crazy_yiuf_cottage
D:3:      layout_rooms, elyvilon_altar_4, ebering_ghost_sewer_d, first_ration

Table legend:
 A = Turns spent in this place as a percentage of turns spent in the entire game.
 B = Non-inter-level travel turns spent in this place as a percentage of non-inter-level travel turns spent in the entire game.
 C = Inter-level travel turns spent in this place as a percentage of turns spent in this place.
 D = Turns resting spent in this place as a percentage of non-inter-level travel turns spent in this place.
 E = Turns spent auto-exploring this place as a percentage of non-inter-level travel turns spent in this place.
 F = Non-inter-level travel turns spent in this place divided by the number of levels of this place that you've seen.
                   A       B       C       D       E      F
               +-------+-------+-------+-------+-------+----------------------
         Total | 100.0 | 100.0 |   7.6 |   0.0 |  79.2 | 441.3
       Dungeon | 100.0 | 100.0 |   7.6 |   0.0 |  79.2 | 441.3
               +-------+-------+-------+-------+-------+----------------------

Table legend:
 A = Kills in this place as a percentage of kills in entire the game.
 B = Kills by you in this place as a percentage of kills by you in the entire game.
 C = Kills by friends in this place as a percentage of kills by friends in the entire game.
 D = Other kills in this place as a percentage of other kills in the entire game.
 E = Experience gained in this place as a percentage of experience gained in the entire game.
 F = Experience gained in this place divided by the number of levels of this place that you have seen.
                   A       B       C       D       E      F
               +-------+-------+-------+-------+-------+----------------------
         Total | 100.0 | 100.0 |   N/A |   N/A | 100.0 |  49.3
       Dungeon | 100.0 | 100.0 |   N/A |   N/A | 100.0 |  49.3
               +-------+-------+-------+-------+-------+----------------------
